 Dungeon Crawl Stone Soup version 0.31-a0-865-g3d5d91748a (webtiles) character file.

Game seed: 2356217021462760434

1364238 Flugkiller the Meteorologist (level 25, 100/164 HPs)
             Began as a Deep Elf Brigand on Oct 10, 2023.
             Was an Initiate of Gozag.
             Escaped with the Orb
             ... and 3 runes!
             The game lasted 02:33:16 (102689 turns).

Flugkiller the Meteorologist (Deep Elf Brigand)   Turns: 102689, Time: 02:33:17

Health: 100/164    AC: 18    Str: 12    XL:     25   Next: 21%
Magic:  22/49      EV: 18    Int: 44    God:    Gozag
Gold:   6663       SH:  0    Dex: 15    Spells: 10/64 levels left

rFire   + . .        b - staff of air
rCold   + . .        (no shield)
rNeg    . . .        C - +4 faerie dragon scales {rPois rCorr}
rPois   +            N - +1 helmet of Ravioli {Str+2 Int+5}
rElec   +            S - scarf {rC+ rF+}
rCorr   +            J - +2 pair of gloves {Str+3}
SInv    +            x - +2 pair of boots
Will    ++...        B - amulet of the acrobat
Stlth   +            i - ring of see invisible
HPRegen 0.47/turn    Z - +6 ring of intelligence
MPRegen 0.31/turn

%: acrobat
@: no status effects
A: clever 1, wild magic 1
0: Orb of Zot
}: 3/15 runes: decaying, serpentine, slimy
a: Renounce Religion, Potion Petition, Call Merchant, Bribe Branch


You escaped.
You worshipped Gozag.
Gozag was greatly pleased with you.
You visited 11 branches of the dungeon, and saw 52 of its levels.
You also visited: Bailey, Gauntlet and Ice Cave.

You collected 28850 gold pieces.
You spent 5911 gold pieces at shops.
You paid 16276 gold pieces to Gozag.

Inventory:

Hand Weapons
 D - the +8 storm bow {elec, penet}
   (You found it on level 1 of the Elven Halls)
Missiles
 e - 3 curare-tipped darts (quivered)
 X - a throwing net
Armour
 x - a +2 pair of boots (worn)
   (You found it on level 6 of the Dungeon)
 C - the +4 faerie dragon scales (worn) {rPois rCorr}
   (You took it off the Enchantress on level 2 of the Depths)

   rPois:     It protects you from poison rCorr: It protects you from acid and
   corrosion.
 J - a +2 pair of gloves of strength (worn)
   (You found it on level 2 of the Dungeon)
 N - the +1 helmet of Ravioli (worn) {Str+2 Int+5}
   (You bought it in a shop on level 2 of the Orcish Mines)

   Str+2:     It affects your strength (+2).
   Int+5:     It affects your intelligence (+5).
 S - a scarf of resistance (worn)
   (You bought it in a shop on level 2 of the Orcish Mines)
 U - the +0 leather armour of Abstinence {Regen+ Int+4 Slay-2}
   (You bought it in a shop on level 2 of the Orcish Mines)

   Int+4:     It affects your intelligence (+4).
   Slay-2:    It affects your accuracy & damage with ranged weapons and melee
   (-2).
   Regen+:    It increases your rate of health regeneration.
Magical Staves
 b - a staff of air (weapon)
   (You found it in an ice cave)
Jewellery
 c - a ring of protection from cold
   (You found it on level 3 of the Vaults)
 f - a ring of protection from fire
   (You found it on level 5 of the Dungeon)
 g - a ring of flight
   (You found it on level 8 of the Dungeon)
 i - a ring of see invisible (left hand)
   (You found it on level 5 of the Lair of Beasts)
 m - a ring of willpower
   (You found it on level 4 of the Dungeon)
 o - a ring of poison resistance
   (You found it on level 1 of the Depths)
 r - the ring "Poraphy" {rC- Int+6 Dex+4 Slay+3}
   (You found it on level 5 of the Pits of Slime)

   [ring of intelligence]

   Int+6:     It affects your intelligence (+6).
   Dex+4:     It affects your dexterity (+4).
   Slay+3:    It affects your accuracy & damage with ranged weapons and melee
   (+3).
   rC-:       It makes you vulnerable to cold.
 v - a +5 ring of evasion
   (You took it off a gnoll on level 7 of the Dungeon)
 B - an amulet of the acrobat (around neck)
   (You found it on level 1 of the Dungeon)
 Z - a +6 ring of intelligence (right hand)
   (You took it off a centaur warrior on level 13 of the Dungeon)
Wands
 u - a wand of mindburst (39)
   (You found it in a Gauntlet)
 G - a wand of acid (32)
   (You found it on level 7 of the Dungeon)
 O - a wand of roots (53)
   (You took it off an orc warrior on level 9 of the Dungeon)
 Q - a wand of digging (20)
   (You found it on level 11 of the Dungeon)
 W - a wand of charming (43)
   (You bought it in a shop on level 2 of the Orcish Mines)
Scrolls
 a - 3 scrolls of butterflies
 d - 5 scrolls of poison
 k - 3 scrolls of enchant armour
 l - 6 scrolls of vulnerability
 p - a scroll of revelation
 t - 19 scrolls of teleportation
 w - 6 scrolls of fear
 M - a scroll of immolation
 T - 13 scrolls of fog
Potions
 h - 4 potions of haste
 n - 5 potions of resistance
 q - 11 potions of curing
 y - 2 potions of magic
 A - a potion of ambrosia
 F - 7 potions of mutation
 H - 7 potions of lignification
 I - 13 potions of attraction
 K - 2 potions of cancellation
 L - 2 potions of invisibility
 R - 5 potions of enlightenment
 V - 4 potions of brilliance
Miscellaneous
 s - a sack of spiders
   (You found it in an ice cave)
 E - a phial of floods
   (You found it on level 13 of the Dungeon)
 P - a phantom mirror
   (You found it on level 11 of the Dungeon)


   Skills:
 + Level 18.6 Fighting
 - Level 2.0 Short Blades
 - Level 4.0 Staves
 - Level 10.0 Ranged Weapons
 - Level 2.0 Throwing
 - Level 15.0 Dodging
 - Level 4.8 Stealth
 - Level 20.0 Spellcasting
 - Level 20.0 Conjurations
 - Level 10.0 Summonings
 - Level 10.0 Fire Magic
 - Level 7.0 Ice Magic
 O Level 27 Air Magic
 - Level 6.0 Earth Magic
 - Level 11.0 Poison Magic
 - Level 10.0 Evocations


You had 10 spell levels left.
You knew the following spells:

 Your Spells              Type           Power      Damage    Failure   Level
a - Sting                 Tmut/Pois      100%       1d8       1%          1
b - Poisonous Vapours     Pois/Air       100%       N/A       1%          2
c - Olgreb's Toxic Radia  Pois           100%       N/A       1%          4
d - Mephitic Cloud        Conj/Pois/Air  100%       N/A       1%          3
e - Freezing Cloud        Conj/Ice/Air   78%        6-21      1%          5
f - Hailstorm             Conj/Ice       100%       3d20      1%          3
g - Maxwell's Capacitive  Air            89%        ∞         1%          8
h - Arcjolt               Conj/Air       85%        1d95      1%          5
i - Plasma Beam           Fire/Air       79%        2x1d97    1%          6
j - Spellforged Servitor  Conj/Summ      61%        N/A       2%          7
k - Lehudib's Crystal Sp  Conj/Erth      58%        10d14     30%         8
r - Blink                 Tloc           100%       N/A       2%          2

Your spell library contained the following spells:

 Spells                   Type           Power      Damage    Failure   Level
 Freeze                   Ice            100%       1d10      1%          1
 Kiss of Death            Conj/Necr      100%       2d13      1%          1
 Necrotise                Necr           100%       1d9       1%          1
 Sandblast                Erth           100%       2d20      1%          1
 Ensorcelled Hibernation  Hex/Ice        100%       N/A       1%          2
 Passwall                 Tmut/Erth      62%        N/A       1%          2
 Scorch                   Fire           100%       2d9       1%          2
 Dazzling Flash           Conj/Hex       100%       N/A       1%          3
 Frozen Ramparts          Ice            100%       1d16      1%          3
 Ignite Poison            Fire/Tmut/Pois 95%        N/A       1%          3
 Inner Flame              Hex/Fire       85%        N/A       1%          3
 Ozocubu's Armour         Ice            95%        N/A       1%          3
 Stone Arrow              Conj/Erth      100%       3d13      1%          3
 Summon Guardian Golem    Hex/Summ       85%        N/A       1%          3
 Volatile Blastmotes      Fire/Tloc      100%       2d18      1%          3
 Animate Armour           Summ/Erth      100%       N/A       1%          4
 Brom's Barrelling Bould  Conj/Erth      100%       2d11      1%          4
 Flame Wave               Conj/Fire      100%       2d21      1%          4
 Iskenderun's Mystic Bla  Conj/Tloc      100%       2d19      1%          4
 Sticky Flame             Conj/Fire      100%       2d11      1%          4
 Summon Lightning Spire   Summ/Air       100%       N/A       1%          4
 Vhi's Electric Charge    Tloc/Air       100%       N/A       1%          4
 Fireball                 Conj/Fire      61%        3d23      1%          5
 Irradiate                Conj/Tmut      53%        3d29      1%          5
 Iskenderun's Battlesphe  Conj           100%       2d15      1%          5
 Silence                  Hex/Air        71%        N/A       1%          5
 Bombard                  Conj/Erth      58%        9d10      1%          6
 Starburst                Conj/Fire      61%        6d16      1%          6
 Orb of Destruction       Conj           68%        9d16      1%          7
 Jinxbite                 Hex            100%       N/A       2%          2
 Lesser Beckoning         Tloc           100%       N/A       2%          2
 Wereblood                Tmut           55%        N/A       2%          2
 Petrify                  Tmut/Erth      75%        N/A       3%          4
 Lee's Rapid Deconstruct  Erth           45%        3d22*     3%          5
 Summon Cactus Giant      Summ           53%        N/A       3%          6
 Confusing Touch          Hex            55%        N/A       4%          3
 Gell's Gravitas          Tloc           55%        N/A       4%          3
 Teleport Other           Tloc           55%        N/A       4%          3
 Tukima's Dance           Hex            55%        N/A       4%          3
 Vampiric Draining        Necr           55%        2d9       4%          3
 Summon Forest            Summ/Tloc      42%        N/A       4%          5
 Summon Mana Viper        Hex/Summ       85%        N/A       4%          5
 Metabolic Englaciation   Hex/Ice        38%        N/A       8%          5
 Anguish                  Hex/Necr       27%        N/A       11%         4
 Cause Fear               Hex            27%        N/A       11%         4
 Dimensional Bullseye     Hex/Tloc       27%        N/A       11%         4
 Dispel Undead            Necr           55%        3d20      11%         4
 Manifold Assault         Tloc           55%        N/A       11%         4
 Passage of Golubria      Tloc           55%        N/A       11%         4
 Agony                    Necr           55%        N/A       28%         5
 Yara's Violent Unravell  Hex/Tmut       27%        3d12      28%         5
 Ozocubu's Refrigeration  Ice            47%        4d18      43%         7
 Haunt                    Necr/Summ      42%        N/A       69%         7
 Ignition                 Fire           53%        3d15      69%         8
 Death Channel            Necr           27%        N/A       80%         6
 Enfeeble                 Hex            27%        N/A       100%        7
 Infestation              Necr           27%        N/A       100%        8
 Dragon's Call            Summ           53%        N/A       100%        9
 Simulacrum               Ice/Necr       Unusable   N/A       N/A         6

Dungeon Overview and Level Annotations

Branches:
Dungeon (15/15)            Temple (1/1) D:4            Lair (5/5) D:9
  Swamp (4/4) Lair:3        Snake (4/4) Lair:2        Slime (5/5) Lair:5
    Orc (2/2) D:9             Elf (3/3) Orc:2        Vaults (4/5) D:14
  Crypt (0/3) Vaults:2     Depths (4/4) D:15            Zot (5/5) Depths:4
 Bailey (visited)           IceCv (visited)         Gauntlet (visited)

Altars:
Ashenzari
Cheibriados
Dithmenos
Elyvilon
Fedhas
Gozag
Hepliaklqana
Kikubaaqudgha
Makhleb
Nemelex Xobeh
Okawaru
Qazlal
Ru
Sif Muna
Trog
Uskayaw
Vehumet
Wu Jian
Xom
Yredelemnul
Zin
The Shining One
Jiyva

Shops:
D:4 [   Orc:2 (:[***[   Elf:3 *:   Lair:2 *(   Snake:1 [**   Snake:4 =:=
Vaults:2 [   Depths:3 (

Portals:
Hell: Depths:1 Depths:2 Depths:3 Depths:4
Abyss: D:15 Depths:3
Pandemonium: Depths:2 Depths:3
Ziggurat: Depths:4
Trove: D:14 (give horn of Geryon)

Annotations:
D:7 2 runed translucent doors, bmj180's ghost, novice HuCj
D:15 2 transporters, Abriej's ghost, journeyman TrCA
Lair:5 exclusion: obsidian statue
Elf:2 3 runed translucent doors


Innate Abilities, Weirdness & Mutations

Your mind is acute. (Int +4, Str/Dex -1)
Your spells are a little harder to cast, but a little more powerful.


Message History

You feel a surge of power!
The bolt of lightning misses the sixfirhy.
The fiery plasma hits the sixfirhy!!!
You kill the sixfirhy!
There is a stone staircase leading up here.
You climb upwards.
There is a stone staircase leading down here. 5 hell hounds come into view.
The hell hound barks! x4
There is a stone staircase leading down here.
Casting: Plasma Beam (mildly dangerous; 1% risk of failure)
Confirm with . or Enter, or press ? or * to list all spells.
You feel a surge of power!
Electricity surges outward!
The hell hound is struck by an electric surge.
The hell hound is lightly wounded.
The hell hound is struck by an electric surge!!
The hell hound is severely wounded.
The hell hound completely misses you. The hell hound misses you.
Unknown command.
Casting: Arcjolt (safe; 1% risk of failure)
Confirm with . or Enter, or press ? or * to list all spells.
You feel a surge of power!
Electricity surges outward!
The hell hound is struck by an electric surge!!!!
You kill the hell hound!
The hell hound is struck by an electric surge!!!!
You kill the hell hound!
The hell hound is struck by an electric surge!!!!
You kill the hell hound!
The hell hound is struck by an electric surge!!!
You kill the hell hound!
The hell hound is struck by an electric surge!
The hell hound is moderately wounded.
The hell hound completely misses you.
Casting: Arcjolt (safe; 1% risk of failure)
Confirm with . or Enter, or press ? or * to list all spells.
You feel a surge of power!
Electricity surges outward!
The hell hound is struck by an electric surge!!
The hell hound is almost dead.
The hell hound barely misses you.
Unknown command.
You hit the hell hound but do no damage.
The hell hound is electrocuted!!
You kill the hell hound!
You now have 6657 gold pieces (gained 8).
No target in view!
You now have 6663 gold pieces (gained 6).
A tormentor comes into view.
You see here 4 gold pieces.
Casting: Arcjolt (safe; 1% risk of failure)
Confirm with . or Enter, or press ? or * to list all spells.
You feel a surge of power!
The bolt of lightning misses the tormentor.
The fiery plasma misses the tormentor.
Casting: Plasma Beam (mildly dangerous; 1% risk of failure)
Confirm with . or Enter, or press ? or * to list all spells.
You feel a surge of power!
The bolt of lightning misses the tormentor.
The fiery plasma hits the tormentor!!!
The tormentor resists.
The tormentor is almost dead.
The tormentor calls on the powers of darkness!
Your body is wracked with pain!
Casting: Plasma Beam (mildly dangerous; 1% risk of failure)
Confirm with . or Enter, or press ? or * to list all spells.
You feel a surge of power!
The bolt of lightning hits the tormentor!!!!
You kill the tormentor!
There is a stone staircase leading down here.
An Ithodwi and a hellwing come into view.
You see here 5 gold pieces.
Press: ? - help, v - describe, . - travel
Here: Ithodwi The floor.
Unknown command.
The hellwing gives a chilling moan.
Unknown command.
Ithodwi conjures a glowing orb.
An orb of destruction comes into view.
There is a stone staircase leading up here.
You climb upwards.
There is a stone staircase leading down here.
Aiming: Dig
Press: ? - help, Shift-Dir - straight line, f - you Please select a direction to dig.
This square is covered in magical glow.
The rock shatters into small pieces.
Aiming: Dig
Press: ? - help, Shift-Dir - straight line, f - you Please select a direction to dig.
This square is covered in magical glow.
The rock shatters into small pieces.
Aiming: Dig
Press: ? - help, Shift-Dir - straight line, f - you Please select a direction to dig.
This square is covered in magical glow.
The rock shatters into small pieces.
A sun demon comes into view.
There is a staircase leading out of the dungeon here.
Enter note: gg Unknown command.
You have escaped!

#........##
###
##.).....#
#######
#......##
##......
#......#
##.######
##.3...#
##.##
#....##
##.## ##...#
##.##
###..####.##
#..@.....##
##########


You could see a sun demon.

Vanquished Creatures
  the Royal Jelly (Slime:5)
  2 dread liches (Zot:5)
  2 orbs of fire (Zot:5)
  A juggernaut (Depths:1)
  Frederick (Vaults:4)
  Parghit (Depths:4)
  Vashnia (Snake:3)
  5 Killer Klowns
  Saint Roka (Orc:2)
  the Enchantress (Depths:2)
  5 golden dragons
  An electric golem (Zot:5)
  A Brimstone Fiend (Zot:5)
  Jorgrun (D:15)
  15 tentacled monstrosities
  14 Orb Guardians
  A deep elf master archer (Elf:3)
  6 quicksilver dragons
  3 deep elf blademasters (Elf:3)
  24 acid blobs
  3 death cobs
  A sphinx (Vaults:4)
  An Executioner (D:7)
  Gastronok (Lair:2)
  3 thorn hunters
  Aizul (Vaults:4)
  Kirke (D:15)
  Agnes (Vaults:4)
  11 rockslimes
  6 storm dragons
  8 nagarajas (Snake:4)
  5 draconian monks
  2 shadow dragons
  7 azure jellies
  9 fire giants
  5 draconian knights
  2 fenstrider witches
  3 deep elf sorcerers (Elf:3)
  2 iron dragons
  5 ghost moths
  A balrug (D:13)
  8 vault wardens
  8 deep elf elementalists
  8 draconian scorchers
  A frost giant (Depths:2)
  8 draconian shifters
  2 orc warlords
  7 draconian stormcallers
  11 quicksilver oozes
  14 ironbound preservers
  6 stone giants
  9 draconian annihilators
  6 formless jellyfish
  15 very ugly things
  4 vampire knights
  5 spriggan defenders
  A formless jellyfish (shapeshifter) (Depths:3)
  7 green draconians
  7 deep elf demonologists
  2 war gargoyles
  4 ironbound thunderhulks
  5 black draconians
  7 bunyips
  A lorocyproca (Depths:2)
  4 eleionomae
  7 deep elf annihilators
  8 white draconians
  The ghost of Ycigyrier the Severer, a journeyman HOFi of Beogh (D:12)
  7 dire elephants
  8 yellow draconians
  9 red draconians
  14 purple draconians
  2 merfolk javelineers (Depths:4)
  7 ettins
  An entropy weaver (shapeshifter) (Depths:3)
  6 deep elf death magi
  7 deep elf high priests
  4 shambling mangroves
  15 vault guards
  7 fire dragons
  A jiangshi (D:15)
  8 yaktaur captains
  An ice dragon (Depths:1)
  11 great orbs of eyes
  3 rakshasas
  3 salamander tyrants
  2 ghost crabs
  Erolcha (Orc:1)
  9 centaur warriors
  2 peacekeepers (Vaults:4)
  9 alligators
  2 ogre magi (D:15)
  5 catoblepae
  A spriggan air mage (Depths:2)
  7 ironbound frosthearts
  21 hydras
  15 two-headed ogres
  7 anacondas
  12 naga warriors
  3 death yaks
  Urug (D:13)
  9 boulder beetles
  13 dancing weapons
  2 tengu warriors
  11 deep troll shamans
  4 deep troll earth magi
  A vampire mage (Depths:2)
  16 naga sharpshooters
  A shock serpent (Snake:4)
  2 spriggan berserkers (Depths:2)
  14 spriggans
  13 deep elf knights
  A cherub (Depths:1)
  A fire crab (Gauntlet)
  5 salamander mystics
  Nergalle (Lair:2)
  2 sun demons (D:13)
  3 sixfirhies
  6 skeletal warriors
  A skyshark (Lair:1)
  A spectral death yak (Lair:5)
  5 goliath frogs
  8 iron trolls
  A flayed ghost (Swamp:4)
  5 sea snakes (Snake:4)
  2 glowing orange brains
  9 swamp dragons
  3 spectral hydras (Swamp:4)
  4 spriggan druids
  A golden dragon zombie (Depths:1)
  An orb spider (shapeshifter) (Elf:3)
  59 deep trolls
  14 ironbound convokers
  8 naga ritualists
  4 wizards
  6 lindwurms
  A harpy (D:13)
  7 bog bodies
  4 phantasmal warriors
  A mana viper (shapeshifter) (Elf:3)
  29 deep elf zephyrmancers
  20 deep elf archers
  35 deep elf pyromancers
  A lindwurm (shapeshifter) (Elf:1)
  A wolf spider (D:13)
  8 mana vipers
  11 orc knights
  5 necromancers
  33 ugly things
  3 oklob plants (Swamp:4)
  5 shining eyes
  5 will-o-the-wisps
  3 orc sorcerers
  23 moths of wrath
  2 rust devils
  8 cyclopes
  8 manticores
  17 salamanders
  A dire elephant zombie (Lair:5)
  7 guardian serpents
  21 naga magi
  A smoke demon (Depths:2)
  17 elephants
  44 black mambas
  17 vault sentinels
  3 ice statues (IceCv)
  12 cane toads
  Psyche (D:8)
  3 eyes of devastation (Slime:5)
  4 rime drakes
  A spriggan zombie (Depths:1)
  A kobold demonologist (D:13)
  A torpor snail (Lair:2)
  An unseen horror (D:13)
  A tormentor (D:2)
  An efreet (D:15)
  A tengu conjurer (D:13)
  9 komodo dragons
  20 yaktaurs
  4 freezing wraiths
  A nameless horror (Slime:5)
  2 hydra zombies (Swamp:4)
  A death drake zombie (Swamp:4)
  4 bloated husks
  3 polar bears
  5 trolls
  8 tyrant leeches
  13 hornets
  Prince Ribbit (Bailey)
  2 spectral elephants (Lair:5)
  19 blink frogs
  4 hydra skeletons (Swamp:4)
  4 dream sheep (Lair:3)
  5 flying skulls
  83 slime creatures
  2 shadows
  A dire elephant simulacrum (IceCv)
  4 wraiths
  2 air elementals
  2 fire bats (Gauntlet)
  2 ynoxinuls
  Eustachio (D:6)
  6 humans (Bailey)
  6 hogs (D:15)
  2 wyverns
  35 yaks
  5 basilisks
  6 golden eyes (Slime:3)
  7 water elementals
  7 vampire mosquitoes
  2 chaos spawn
  A harpy simulacrum (IceCv)
  A spectral cane toad (Lair:5)
  3 wargs (Orc:2)
  Menkaure (D:7)
  49 nagas
  3 death yak simulacra
  14 swamp worms
  2 acid dragons
  4 hydra simulacra
  5 hell hounds (D:2)
  8 water moccasins
  57 orc warriors
  An ice beast (D:7)
  3 swamp drakes (Swamp:4)
  2 sky beasts (D:6)
  A black bear (D:5)
  14 ogres
  A swamp dragon zombie (Swamp:4)
  5 wolves (Lair:3)
  An elephant skeleton (Lair:5)
  13 centaurs
  A swamp dragon skeleton (Swamp:4)
  A phantom (D:7)
  3 kobold brigands
  23 bullfrogs
  4 cane toad simulacra
  3 scorpions
  18 wights
  3 elephant simulacra
  13 killer bees
  8 electric eels
  9 howler monkeys
  A quasit (D:10)
  14 orc priests
  5 jellies
  4 gnoll boudas
  3 hounds
  Jessica (D:2)
  4 sleepcaps
  2 iguanas
  21 orc wizards
  13 hell rats
  Robin (D:3)
  14 gnolls
  12 adders
  A river rat (D:4)
  A white imp (D:6)
  2 ufetubi (D:5)
  3 worms
  4 dart slugs
  87 orcs
  11 endoplasms
  4 giant cockroaches
  20 goblins
  14 hobgoblins
  7 jackals
  9 quokkas
  4 ball pythons
  5 bats
  5 frilled lizards
  20 kobolds
  9 rats
2001 creatures vanquished.

Vanquished Creatures (collateral kills)
  2 electric golems
  An Orb Guardian (Zot:5)
  3 tentacled monstrosities
  An acid blob (Slime:5)
  A tengu reaver (Depths:3)
  A storm dragon (Zot:2)
  2 azure jellies (Slime:5)
  2 draconian monks
  A fire giant (Depths:1)
  3 vault wardens
  A draconian scorcher (Zot:5)
  3 ironbound preservers
  A caustic shrike skeleton (Depths:1)
  5 very ugly things
  A draconian annihilator (Zot:2)
  A green draconian (Zot:2)
  A black draconian (Zot:5)
  A yellow draconian (Zot:2)
  3 white draconians
  2 purple draconians
  A merfolk impaler (Depths:4)
  An ettin (Depths:1)
  A jiangshi (Depths:1)
  A fire dragon (Depths:4)
  A vault guard (Vaults:2)
  A yaktaur captain (Vaults:1)
  2 centaur warriors (Vaults:1)
  2 spriggan air magi
  2 deep troll earth magi
  A deep troll shaman (Depths:3)
  A tengu warrior (Depths:2)
  2 vampire magi
  A sun demon (D:13)
  An iron troll (Depths:3)
  11 deep trolls
  A glowing orange brain (Depths:4)
  3 ugly things
  2 moths of wrath (Zot:2)
  9 yaktaurs (Vaults:1)
  A hellwing (D:13)
  5 water elementals (Depths:4)
86 creatures vanquished.

Vanquished Creatures (others)
  An ancient lich (Zot:5)
  A Killer Klown (Zot:5)
  5 Orb Guardians (Zot:5)
  A storm dragon (Zot:5)
  A red draconian (Zot:5)
  A purple draconian (Zot:5)
  A white draconian (Zot:5)
  A yellow draconian (Zot:5)
  2 moths of wrath (Zot:5)
  A tyrant leech (Swamp:2)
  A swamp worm (Swamp:2)
  11 foxfires
27 creatures vanquished.

Grand Total: 2114 creatures vanquished

Notes
Turn   | Place    | Note
-------+----------+-------------------------------------------
     0 | D:1      | Flugkiller the Deep Elf Brigand began the quest for the
                  | Orb.
     0 | D:1      | Reached XP level 1. HP: 12/12 MP: 3/3
   290 | D:1      | Reached XP level 2. HP: 16/16 MP: 4/4
  1055 | D:2      | Reached XP level 3. HP: 20/20 MP: 5/5
  1091 | D:2      | Reached skill level 1 in Spellcasting
  1263 | D:2      | Learned a level 2 spell: Poisonous Vapours
  1310 | D:2      | Noticed Jessica
  1323 | D:2      | Killed Jessica
  1324 | D:2      | Reached skill level 1 in Air Magic
  1324 | D:2      | Reached skill level 1 in Poison Magic
  1324 | D:2      | Reached XP level 4. HP: 25/25 MP: 7/9
  1408 | D:2      | Found a glowing golden altar of the Shining One.
  1738 | D:3      | Found a faded altar of an unknown god.
  2071 | D:3      | Noticed Robin
  2375 | D:3      | Reached XP level 5. HP: 27/29 MP: 6/10
  2413 | D:3      | Reached skill level 2 in Air Magic
  2993 | D:3      | Killed Robin
  3138 | D:3      | Found a faded altar of an unknown god.
  4004 | D:4      | Found Guesoi's Armour Boutique.
  4016 | D:4      | Bought a +0 pair of gloves for 54 gold pieces
  4096 | D:4      | Found a staircase to the Ecumenical Temple.
  4111 | Temple   | Entered the Ecumenical Temple
  4120 | Temple   | Became a worshipper of Gozag Ym Sagoz the Greedy
  4213 | D:4      | Noticed an ogre
  4434 | D:4      | Killed an ogre
  4435 | D:4      | Reached XP level 6. HP: 34/34 MP: 6/11
  4531 | D:4      | Reached skill level 5 in Poison Magic
  4805 | D:4      | Learned a level 1 spell: Sting
  4810 | D:4      | Learned a level 4 spell: Olgreb's Toxic Radiance
  5186 | D:5      | Entered Level 5 of the Dungeon
  5334 | D:5      | Found a blossoming altar of Fedhas.
  5341 | D:5      | Found a broken altar of Ashenzari.
  5701 | D:5      | Reached XP level 7. HP: 38/38 MP: 5/12
  7885 | D:6      | Reached XP level 8. HP: 43/43 MP: 8/14
  8177 | D:5      | Reached skill level 1 in Ranged Weapons
  8459 | D:6      | Reached skill level 5 in Dodging
  9089 | D:6      | Noticed Eustachio
  9100 | D:6      | Killed Eustachio
  9101 | D:6      | Reached skill level 5 in Ranged Weapons
  9461 | D:6      | Reached XP level 9. HP: 36/49 MP: 17/17
  9638 | D:7      | Found a flagged portal.
  9653 | Bailey   | Entered a bailey
  9832 | Bailey   | Learned a level 3 spell: Mephitic Cloud
  9838 | Bailey   | Learned a level 5 spell: Freezing Cloud
  9873 | Bailey   | Reached skill level 1 in Conjurations
  9873 | Bailey   | Reached skill level 1 in Ice Magic
  9976 | Bailey   | Reached skill level 10 in Poison Magic
 10135 | Bailey   | Noticed Prince Ribbit
 10137 | Bailey   | Noticed a vault guard
 10147 | Bailey   | Killed Prince Ribbit
 10148 | Bailey   | Reached skill level 5 in Spellcasting
 10148 | Bailey   | Reached skill level 3 in Air Magic
 10192 | Bailey   | Noticed a vault guard
 10194 | Bailey   | Killed a vault guard
 10195 | Bailey   | Reached XP level 10. HP: 18/56 MP: 16/20
 10263 | Bailey   | Killed a vault guard
 10264 | Bailey   | Reached skill level 4 in Air Magic
 11135 | D:7      | Noticed Menkaure
 11482 | D:7      | Killed Menkaure
 12132 | D:7      | Found a large runed translucent door.
 12132 | D:7      | Found a large runed translucent door.
 12192 | D:7      | Noticed bmj180's ghost (novice HuCj)
 12267 | D:7      | HP: 2/47 [wight/+0 dire flail (12)]
 12713 | D:8      | Reached skill level 5 in Air Magic
 12849 | D:8      | Found a glowing golden altar of the Shining One.
 13090 | D:8      | Noticed Psyche
 13113 | D:8      | Killed Psyche
 13114 | D:8      | Reached skill level 5 in Conjurations
 13114 | D:8      | Reached skill level 5 in Ice Magic
 13677 | D:9      | Noticed a two-headed ogre
 13687 | D:9      | Killed a two-headed ogre
 13688 | D:9      | Reached XP level 11. HP: 61/61 MP: 1/24
 13893 | D:9      | Found a staircase to the Orcish Mines.
 14135 | D:9      | Noticed a centaur warrior
 14144 | D:9      | Killed a centaur warrior
 14149 | D:9      | Reached skill level 6 in Air Magic
 14394 | D:9      | Found a staircase to the Lair.
 14425 | D:9      | Found a snail-covered altar of Cheibriados.
 15099 | D:10     | Entered Level 10 of the Dungeon
 15653 | D:10     | Noticed a sixfirhy
 15671 | D:10     | Killed a sixfirhy
 16889 | D:11     | Noticed a catoblepas
 16902 | D:11     | Killed a catoblepas
 16903 | D:11     | Reached skill level 10 in Spellcasting
 16903 | D:11     | Reached skill level 7 in Air Magic
 16903 | D:11     | Reached skill level 1 in Evocations
 17112 | D:11     | Noticed a boulder beetle
 17127 | D:11     | Killed a boulder beetle
 17408 | D:11     | Reached skill level 5 in Evocations
 17739 | D:11     | Reached XP level 12. HP: 59/66 MP: 5/28
 18387 | Lair:1   | Entered Level 1 of the Lair of Beasts
 18517 | Lair:1   | Identified a scroll of acquirement
 18517 | Lair:1   | Acquired 352 gold pieces
 18779 | Lair:1   | Reached skill level 5 in Fighting
 18923 | Lair:1   | Identified the +1 flail "Piacuetz" {heavy, rF+ Stlth+}
 19135 | Lair:1   | Noticed a catoblepas
 19448 | Lair:1   | Killed a catoblepas
 19783 | Lair:2   | Noticed Gastronok
 19950 | Lair:2   | Found a staircase to the Snake Pit.
 20060 | Lair:2   | Noticed Nergalle
 20071 | Lair:2   | Killed Nergalle
 20135 | Lair:2   | Noticed a six-headed hydra
 20147 | Lair:2   | Killed a six-headed hydra
 20148 | Lair:2   | Reached skill level 10 in Dodging
 20171 | Lair:2   | Noticed an eight-headed hydra
 20176 | Lair:2   | Killed an eight-headed hydra
 20268 | Lair:2   | Noticed a death yak
 20268 | Lair:2   | Noticed a five-headed hydra
 20275 | Lair:2   | Bought a scroll labelled BIZESU CUPUSHO for 25 gold pieces
 20275 | Lair:2   | Bought a fizzy amethyst potion for 22 gold pieces
 20442 | Lair:2   | Killed a five-headed hydra
 20443 | Lair:2   | Reached skill level 10 in Ranged Weapons
 20516 | Lair:2   | Killed a death yak
 20751 | Lair:2   | Noticed a catoblepas
 20760 | Lair:2   | Killed a catoblepas
 20761 | Lair:2   | Reached XP level 13. HP: 74/74 MP: 11/29
 20998 | Lair:2   | Killed Gastronok
 21108 | Lair:2   | Acquired 1178 gold pieces
 21443 | Lair:3   | Reached skill level 8 in Air Magic
 22033 | Lair:3   | Reached skill level 9 in Air Magic
 22236 | Lair:3   | Learned a level 3 spell: Hailstorm
 22839 | Lair:3   | Found a staircase to the Swamp.
 22942 | Lair:4   | Reached skill level 10 in Air Magic
 22946 | Lair:4   | Found a shimmering blue altar of Sif Muna.
 23401 | Lair:4   | Reached skill level 11 in Air Magic
 24487 | Lair:4   | Reached skill level 12 in Air Magic
 24605 | Lair:5   | Entered Level 5 of the Lair of Beasts
 25191 | Lair:5   | Reached XP level 14. HP: 80/80 MP: 30/30
 25297 | Lair:5   | Reached skill level 13 in Air Magic
 25305 | Lair:5   | Found a staircase to the Slime Pits.
 25339 | Lair:5   | Found a viscous altar of Jiyva.
 26488 | Lair:5   | Reached skill level 14 in Air Magic
 27726 | Lair:5   | Reached skill level 15 in Air Magic
 28624 | Orc:1    | Entered Level 1 of the Orcish Mines
 28900 | Orc:2    | Entered Level 2 of the Orcish Mines
 28900 | Orc:2    | Noticed Saint Roka
 29429 | Orc:1    | Noticed an orc warlord
 29502 | Orc:1    | Killed an orc warlord
 29511 | Orc:1    | Reached skill level 16 in Air Magic
 29680 | Orc:1    | Noticed Erolcha
 29689 | Orc:1    | Killed Erolcha
 30562 | Orc:2    | Found a staircase to the Elven Halls.
 30582 | Orc:2    | Found Vuck's Assorted Antiques.
 30582 | Orc:2    | Found Icuacs's Assorted Antiques.
 30584 | Orc:2    | Found Cickoux's Assorted Antiques.
 30586 | Orc:2    | Found Murchecru's Antique Armour Shoppe.
 30598 | Orc:2    | Bought a warped orcbow for 212 gold pieces
 30598 | Orc:2    | Identified the +1 orcbow of Loceo {flame, +Blink Will++}
                  | (You bought it in a shop on level 2 of the Orcish Mines)
 30601 | Orc:2    | Bought a smelly leather armour for 175 gold pieces
 30601 | Orc:2    | Identified the +0 leather armour of Lugonu's Reproof {Str+4
                  | Dex-5} (You bought it in a shop on level 2 of the Orcish
                  | Mines)
 30602 | Orc:2    | Bought an embroidered scarf for 200 gold pieces
 30616 | Orc:2    | Bought a bubbling orange potion for 22 gold pieces
 30616 | Orc:2    | Bought an encrusted fluorescent wand for 100 gold pieces
 30618 | Orc:2    | Bought a scroll of identify for 50 gold pieces
 30618 | Orc:2    | Bought a scroll of identify for 50 gold pieces
 31186 | Orc:2    | Found Ruvoip's Antique Weapon Shoppe.
 31351 | Orc:2    | Killed Saint Roka
 31352 | Orc:2    | Reached XP level 15. HP: 24/84 MP: 21/31
 31658 | Orc:2    | Reached skill level 17 in Air Magic
 31668 | Orc:2    | Found a shimmering blue altar of Sif Muna.
 31808 | Orc:2    | Bought a crude helmet for 332 gold pieces
 31808 | Orc:2    | Identified the +1 helmet of Ravioli {Str+2 Int+5} (You
                  | bought it in a shop on level 2 of the Orcish Mines)
 31819 | Orc:2    | Bought a dazzling leather armour for 245 gold pieces
 31819 | Orc:2    | Identified the +0 leather armour of Abstinence {Regen+
                  | Int+4 Slay-2} (You bought it in a shop on level 2 of the
                  | Orcish Mines)
 31840 | Orc:2    | Learned a level 8 spell: Maxwell's Capacitive Coupling
 32050 | D:12     | Found a gate leading to a gauntlet.
 32105 | Gauntlet | Entered a Gauntlet
 32105 | Gauntlet | Found a transporter.
 32105 | Gauntlet | Found a transporter.
 32114 | Gauntlet | Found a transporter.
 32118 | Gauntlet | Found a transporter.
 32126 | Gauntlet | Found a transporter.
 32130 | Gauntlet | Found a transporter.
 32139 | Gauntlet | Found a transporter.
 32155 | Gauntlet | Found a transporter.
 32169 | Gauntlet | Found a transporter.
 32173 | Gauntlet | Found a transporter.
 32175 | Gauntlet | Found a runed translucent door.
 32177 | Gauntlet | Found a runed translucent door.
 32181 | Gauntlet | Found a transporter.
 32185 | Gauntlet | Found a transporter.
 32536 | Gauntlet | Identified the +0 ring mail of Cotugite {Str+5}
 32536 | Gauntlet | Identified the amulet "Soschufi" {Rampage Regen+ Str+2}
 32783 | D:12     | You fall into a shaft and drop 3 floors!
 32783 | D:15     | Entered Level 15 of the Dungeon
 32812 | D:15     | Noticed Jorgrun
 32817 | D:15     | Killed Jorgrun
 33088 | D:15     | Found a transporter.
 33092 | D:14     | Found a portal to a secret trove of treasure.
 33285 | D:13     | Reached skill level 18 in Air Magic
 33408 | D:13     | Found a frozen archway.
 33413 | D:13     | Noticed Urug
 33423 | D:13     | Killed Urug
 33452 | IceCv    | Entered an ice cave
 34694 | D:13     | Got a leatherbound book
 34742 | D:13     | Learned a level 5 spell: Arcjolt
 35125 | D:12     | Found a runed translucent door.
 35127 | D:12     | Found a transporter.
 35129 | D:12     | Noticed Ycigyrier's ghost (journeyman HOFi)
 35187 | D:12     | Identified the +8 giant club of Umiatsi {freeze, Will-
                  | Int+5}
 35216 | D:12     | Found a transporter.
 35228 | D:12     | Reached skill level 19 in Air Magic
 35230 | D:12     | Killed Ycigyrier's ghost
 35383 | D:12     | Acquired 891 gold pieces
 36012 | Orc:2    | Bought a manual of Conjurations for 1360 gold pieces
 36699 | D:14     | Found a bloodstained altar of Trog.
 36712 | D:14     | Identified the +5 dagger of Peav {distort, +Blink Will++
                  | Str+3 Dex+3}
 37489 | D:13     | Reached XP level 16. HP: 88/88 MP: 10/33
 38433 | D:14     | Identified the +1 glaive of Action {elec, Str+2}
 38557 | D:14     | Reached skill level 10 in Conjurations
 38644 | D:14     | Found a gate to the Vaults.
 39118 | D:15     | Noticed Abriej's ghost (journeyman TrCA)
 39147 | D:15     | Found a one-way gate to the infinite horrors of the Abyss.
 39189 | D:15     | Noticed a profane servitor
 39442 | D:15     | Reached skill level 20 in Air Magic
 39518 | D:15     | Noticed Kirke
 40212 | D:15     | Killed Kirke
 40407 | D:15     | Paralysed by an ogre mage for 3 turns
 40723 | D:15     | Found a staircase to the Depths.
 40849 | D:15     | Found a transporter.
 41241 | Snake:1  | Entered Level 1 of the Snake Pit
 41362 | Snake:1  | Reached skill level 15 in Conjurations
 41618 | Snake:1  | Found Qoum's Armour Shop.
 41620 | Snake:1  | Found Miurir's Assorted Antiques.
 41622 | Snake:1  | Found Gaocad's General Store.
 41630 | Snake:1  | Bought a wand of roots (5) for 180 gold pieces
 41633 | Snake:1  | Bought a potion of haste for 150 gold pieces
 41635 | Snake:1  | Bought 2 potions of mutation for 432 gold pieces
 44177 | Snake:2  | Reached XP level 17. HP: 93/93 MP: 25/34
 45966 | Snake:3  | Noticed Vashnia
 45972 | Snake:3  | Killed Vashnia
 46477 | Snake:4  | Entered Level 4 of the Snake Pit
 47581 | Snake:4  | Reached skill level 10 in Fighting
 48184 | Snake:4  | Found Ysuz's Jewellery Shop.
 48184 | Snake:4  | Found Asareps's Book Shoppe.
 48185 | Snake:4  | Found Maptokug's Jewellery Shop.
 48197 | Snake:4  | Bought Further Progress in Wizarding for 1232 gold pieces
 48204 | Snake:4  | Learned a level 6 spell: Plasma Beam
 48359 | Snake:4  | Reached skill level 1 in Fire Magic
 49116 | Snake:4  | HP: 1/102 [poisoned by a nagaraja (poison arrow)]
 49838 | Snake:4  | Reached XP level 18. HP: 107/107 MP: 19/36
 49937 | Snake:4  | Got a serpentine rune of Zot
 50509 | Swamp:1  | Entered Level 1 of the Swamp
 50547 | Lair:3   | Reached skill level 5 in Fire Magic
 52369 | Swamp:2  | You fall into a shaft and drop 1 floor!
 52662 | Swamp:3  | Noticed a tentacled monstrosity
 52667 | Swamp:3  | Killed a tentacled monstrosity
 52955 | Swamp:3  | Reached skill level 10 in Fire Magic
 53308 | Snake:4  | Bought a book of Dangerous Friends for 880 gold pieces
 53482 | Slime:1  | Entered Level 1 of the Pits of Slime
 53702 | Slime:1  | Paralysed by a formless jellyfish for 1 turns
 53704 | Slime:1  | HP: 5/107 [poisoned by a formless jellyfish]
 54282 | Slime:3  | Reached skill level 1 in Summonings
 54873 | Slime:3  | Learned a level 7 spell: Spellforged Servitor
 54877 | Slime:3  | Reached skill level 5 in Summonings
 54906 | Slime:5  | Entered Level 5 of the Pits of Slime
 55052 | Slime:5  | Reached XP level 19. HP: 102/112 MP: 5/39
 55776 | Slime:5  | Noticed the Royal Jelly
 55784 | Slime:5  | Killed the Royal Jelly
 57076 | Slime:5  | Reached skill level 15 in Spellcasting
 57232 | Slime:5  | Reached skill level 10 in Summonings
 58548 | Slime:5  | Identified the +1 plate armour of Divine Birdsong {rCorr
                  | Str+3 Stlth-}
 58561 | Slime:5  | Identified the +6 arbalest "Cynyes" {elec, rCorr}
 58579 | Slime:5  | Found the +8 demon trident "Rift" {distort, reach+}
 58580 | Slime:5  | Got a slimy rune of Zot
 58583 | Slime:5  | Identified the +0 plate armour "Gonix" {Int+3}
 58595 | Slime:5  | Identified the ring "Poraphy" {rC- Int+6 Dex+4 Slay+3}
 58654 | Slime:5  | Got an embossed book
 59529 | Swamp:3  | Found a radiant altar of Vehumet.
 59976 | Swamp:4  | Entered Level 4 of the Swamp
 61857 | Swamp:4  | Reached skill level 15 in Dodging
 61906 | Swamp:4  | Found a blossoming altar of Fedhas.
 61997 | Swamp:4  | Got a decaying rune of Zot
 62045 | Swamp:4  | Found a basalt altar of Yredelemnul.
 62346 | Elf:1    | Entered Level 1 of the Elven Halls
 62471 | Elf:1    | Reached XP level 20. HP: 120/120 MP: 13/41
 62944 | Elf:1    | Found the +8 storm bow {elec, penet}
 65467 | Elf:2    | Reached skill level 10 in Evocations
 65620 | Elf:2    | Reached skill level 1 in Staves
 65624 | Elf:2    | Paralysed by an air elemental for 1 turns
 66668 | Elf:2    | Found a runed translucent gate.
 66668 | Elf:2    | Found a runed translucent gate.
 66668 | Elf:2    | Found a runed translucent gate.
 66874 | Elf:3    | Entered Level 3 of the Elven Halls
 67491 | Elf:3    | Found a radiant altar of Vehumet.
 68181 | Elf:3    | Identified the +6 halberd "Murmur" {heavy, rF+}
 68547 | Elf:3    | Identified the +2 mace of Cife {venom, rPois rN+ Int-5
                  | Dex+3}
 68564 | Elf:3    | Identified the +6 battleaxe "Xoqaep" {drain, Fly Int+2}
 69151 | Elf:3    | Identified the +1 war axe of Acaub {freeze, *Rage rPois
                  | Int+2}
 69533 | Elf:3    | Reached skill level 21 in Air Magic
 69696 | Elf:3    | Reached XP level 21. HP: 127/127 MP: 32/44
 69856 | Elf:3    | Got an odd book
 69872 | Elf:3    | Identified the staff of Wrongful Imprisonment {rF+ Dex+4
                  | Fire Ice}
 69890 | Elf:3    | Identified the staff of the Telling Firefly {rElec rPois
                  | Int-5 Conj Earth}
 69955 | Elf:3    | Bought 2 potions of heal wounds for 190 gold pieces
 70324 | Vaults:1 | Entered Level 1 of the Vaults
 71662 | Vaults:1 | Reached skill level 22 in Air Magic
 72788 | Vaults:2 | Found a staircase to the Crypt.
 73525 | Vaults:2 | Reached skill level 23 in Air Magic
 73868 | Vaults:2 | Found Xaadwunt's Armour Emporium.
 74197 | Vaults:2 | Identified the +6 whip "Tuqanosch" {drain, rN+}
 75752 | Vaults:3 | Reached skill level 24 in Air Magic
 75986 | Vaults:3 | Reached XP level 22. HP: 132/132 MP: 22/45
 78152 | Vaults:4 | Identified the +1 scale mail of Pessimism {Harm Rampage rN+
                  | Int-4}
 78223 | Vaults:4 | Noticed Aizul
 78228 | Vaults:4 | Killed Aizul
 78489 | Vaults:4 | Noticed Agnes
 78721 | Vaults:4 | Killed Agnes
 78952 | Vaults:4 | Noticed Frederick
 78954 | Vaults:4 | Killed Frederick
 79325 | Depths:1 | Entered Level 1 of the Depths
 79504 | D:15     | Learned a level 8 spell: Lehudib's Crystal Spear
 79513 | Depths:1 | Found a gateway to Hell.
 79524 | Depths:1 | Reached skill level 1 in Earth Magic
 79864 | D:15     | Found a transporter.
 79868 | D:15     | Found a transporter.
 79873 | D:15     | Found a one-way gate to the infinite horrors of the Abyss.
 80388 | D:15     | Found a staircase to the Depths.
 80475 | D:15     | Found a transporter.
 80518 | D:15     | Found a one-way gate to the infinite horrors of the Abyss.
 80524 | D:15     | Found a transporter.
 81667 | Depths:1 | Noticed a juggernaut
 82151 | Depths:1 | Found a glowing golden altar of the Shining One.
 83240 | Depths:2 | Noticed the Enchantress
 83374 | Depths:2 | You fall into a shaft and drop 1 floor!
 83390 | Depths:3 | Found a one-way gate leading to the halls of Pandemonium.
 83474 | Depths:3 | Found Ideowifi's Antique Weapon Emporium.
 83608 | Depths:3 | Reached skill level 25 in Air Magic
 83961 | Depths:2 | Found an ornate altar of the Wu Jian Council.
 84094 | Depths:2 | Killed the Enchantress
 84329 | Depths:2 | Reached XP level 23. HP: 136/136 MP: 34/47
 84496 | Depths:2 | Reached skill level 5 in Earth Magic
 86827 | Depths:4 | Entered Level 4 of the Depths
 88003 | Depths:4 | Found a one-way gateway to a ziggurat.
 88590 | Depths:4 | Found a gate to the Realm of Zot.
 88747 | Depths:4 | Noticed Parghit
 88751 | Depths:4 | Killed Parghit
 89670 | Zot:1    | Entered Level 1 of the Realm of Zot
 90624 | Depths:4 | Found a one-way gateway to a ziggurat.
 94263 | Zot:2    | Reached XP level 24. HP: 148/148 MP: 37/49
 94848 | Zot:2    | Reached skill level 26 in Air Magic
 94881 | Zot:2    | Reached skill level 15 in Fighting
 96302 | Zot:3    | You fall into a shaft and drop 1 floor!
 96323 | Zot:4    | Noticed a Killer Klown
 96326 | Zot:4    | Killed a Killer Klown
 97621 | Zot:3    | Reached skill level 27 in Air Magic
 98764 | Zot:5    | Entered Level 5 of the Realm of Zot
100364 | Zot:5    | Noticed a Killer Klown
100497 | Zot:5    | Killed a Killer Klown
100573 | Zot:5    | Noticed a Killer Klown
100577 | Zot:5    | Killed a Killer Klown
100656 | Zot:5    | Noticed a Killer Klown
100661 | Zot:5    | Killed a Killer Klown
100775 | Zot:5    | Noticed a dread lich
100785 | Zot:5    | Killed a dread lich
100855 | Zot:5    | Noticed an orb of fire
100858 | Zot:5    | Gained mutation: You occasionally shout uncontrollably at
                  | your foes. [an orb of fire]
100859 | Zot:5    | Killed an orb of fire
100913 | Zot:5    | Noticed a Killer Klown
100921 | Zot:5    | Noticed an orb of fire
101126 | Zot:5    | Killed a Killer Klown
101565 | Zot:5    | Noticed a dread lich
101568 | Zot:5    | Paralysed by a dread lich for 3 turns
101582 | Zot:5    | Killed a dread lich
101583 | Zot:5    | Reached XP level 25. HP: 157/162 MP: 4/49
101808 | Zot:5    | Gained mutation: You possess an exceptional clarity of
                  | mind. [an orb of fire]
101812 | Zot:5    | Gained mutation: Your magical capacity is low. (-10% MP)
                  | [an orb of fire]
101818 | Zot:5    | Gained mutation: Armour fits poorly on your strangely
                  | shaped body. [an orb of fire]
101820 | Zot:5    | Gained mutation: You are occasionally teleported next to
                  | monsters. [an orb of fire]
101834 | Zot:5    | Killed an orb of fire
101996 | Zot:4    | Lost mutation: Armour fits poorly on your strangely shaped
                  | body. [potion of mutation]
101996 | Zot:4    | Lost mutation: You occasionally shout uncontrollably at
                  | your foes. [potion of mutation]
101996 | Zot:4    | Gained mutation: Your spells are a little harder to cast,
                  | but a little more powerful. [potion of mutation]
101996 | Zot:4    | Gained mutation: Your mind is acute. (Int +4, Str/Dex -1)
                  | [potion of mutation]
101997 | Zot:4    | Lost mutation: You possess an exceptional clarity of mind.
                  | [potion of mutation]
101997 | Zot:4    | Lost mutation: Your spells are a little harder to cast, but
                  | a little more powerful. [potion of mutation]
101997 | Zot:4    | Lost mutation: Your mind is acute. (Int +4, Str/Dex -1)
                  | [potion of mutation]
101997 | Zot:4    | Gained mutation: You have a pair of small horns on your
                  | head. [potion of mutation]
101998 | Zot:4    | Lost mutation: Your magical capacity is low. (-10% MP)
                  | [potion of mutation]
101998 | Zot:4    | Lost mutation: You are occasionally teleported next to
                  | monsters. [potion of mutation]
101998 | Zot:4    | Lost mutation: You have a pair of small horns on your head.
                  | [potion of mutation]
101998 | Zot:4    | Gained mutation: Your mind is acute. (Int +4, Str/Dex -1)
                  | [potion of mutation]
101998 | Zot:4    | Gained mutation: Your spells are a little harder to cast,
                  | but a little more powerful. [potion of mutation]
102051 | Zot:5    | Learned a level 2 spell: Blink
102058 | Zot:5    | Noticed a dread lich
102065 | Zot:5    | Noticed an ancient lich
102085 | Zot:5    | Noticed an orb of fire
102098 | Zot:5    | Noticed an ancient lich
102103 | Zot:5    | Noticed a Killer Klown
102104 | Zot:5    | Noticed an ancient lich
102104 | Zot:5    | Noticed an ancient lich
102108 | Zot:5    | Killed a Killer Klown
102111 | Zot:5    | Got the Orb of Zot
102116 | Zot:5    | Killed an ancient lich
102298 | Depths:1 | Killed a juggernaut
102656 | D:2      | Noticed Ithodwi the pandemonium lord
102688 | D:1      | gg
102689 | D:$      | Escaped with the Orb!

Illustrated notes

#........##
###
##.).....#
#######
#......##
##......
#...3..#
##.######
##.....#
##.##
#....##
##.## ##...#
##.##
###..####.##
#..@.....##
##########


Turn 102688 on D:1: gg

Levels and vault maps discovered:
D:1:      eino_arrival_cavern_a, layout_loops_ring
D:2:      minmay_spotlight, layout_loops_ring, basic_altar, serial_glass,
          glass_columns_c, glass_columns_c, cheibrodos_gnoll_hut, uniq_jessica
D:3:      layout_loops_corners, dreamdust_ecumenical_altar_angels_and_demons,
          grunt_decor_cap, roderic_lattice_a, uniq_robin
D:4:      layout_gridville, minmay_temple_entry_overgrown, gup_sewer_entry_bowl,
          serial_shops, shop, hangedman_glass_teeth,
          minmay_fractal_squares_diagonal_5
D:5:      minmay_opposing_rooms, layout_loops_cross, grunt_temple_overflow_open,
          minmay_misc_feat_ornament
D:6:      layout_loops_cross, uniq_eustachio
D:7:      layout_layer_cave, lightli_bailey_entry_fortress,
          ebering_ghost_disaster_area, minivault_19, uniq_menkaure
D:8:      layout_loops_ring, lemuel_round_altar, amcnicky_mini_pool_small,
          uniq_psyche
D:9:      layout_loops_corners, kennysheep_slug_shrine, lair_entry_dummy,
          david_orc_2
D:10:     layout_layer_cave, serial_demonic, serial_demonic_b, serial_demonic_b,
          serial_demonic_e, serial_demonic_d
D:11:     nzn_motion_control, layout_long_grid, minivault_14
D:12:     cheibrodos_shockbox, layout_basic, gauntlet_entry_generic,
          gammafunk_ghost_smash
D:13:     minmay_the_grid_four_pointed_star_mashed
          [minmay_the_grid_triangle_9x9_thin_v,
          minmay_the_grid_triangle_9x9_skeleton,
          minmay_the_grid_triangle_9x9_minimal,
          minmay_the_grid_triangle_9x9_zippers_horizontal,
          minmay_the_grid_prize_inner_circle], layout_stronghold,
          portal_ice_cave_rime, uniq_urug
D:14:     layout_roguey, erik_vaults_2, enter_trove_1, bloody_trog,
          serial_bayou, serial_bayou_pond_a, serial_bayou_crossing,
          serial_bayou_lagoon_a, serial_bayou_pond_d
D:15:     hellmonk_depths_entry_around_the_bend, layout_basic,
          gammafunk_ghost_abyssal_escape, serial_bayou_pond_e, uniq_jorgrun,
          uniq_kirke
Temple:   regret_index_temple_mists
Lair:1:   layout_regular_city, st_stairs_3, chequers_serial_rivers_large_b,
          patterned_corridor
Lair:2:   layout_roguey, guppyfry_snake_entry_garden,
          hangedman_lair_generics_rect, grunt_megastairs_1,
          serial_bayou_shore_b, uniq_nergalle, uniq_gastronok
Lair:3:   layout_small_grid, nicolae_swamp_entry_splash_gauntlet,
          chequers_serial_rivers_small_3, minmay_hedge_maze, grunt_megastairs_5
Lair:4:   cheibrodos_lair_river_kwai, layout_cave_shapes, basic_altar,
          grunt_megastairs_3
Lair:5:   due_jungle_book, layout_regular_city, nicolae_slime_entry_field_trip,
          infiniplex_staircase_pool
Swamp:1:  layout_basic_swamp, nicolae_swamp_oxbows
Swamp:2:  nzn_winding_woodlands_small [nzn_winding_woodlands_5x15_default,
          nzn_winding_woodlands_center_diamonds,
          nzn_winding_woodlands_5x15_longhouse], layout_basic_swamp,
          hangedman_swamp_cone
Swamp:3:  layout_basic_swamp, lemuel_altar_in_water
Swamp:4:  byrel_swamp_growth_death_and_undeath, layout_basic_swamp, swamp_pool1,
          nicolae_swamp_fairy_circle
Snake:1:  layout_cave_shapes, minmay_shop_star
Snake:2:  layout_rooms
Snake:3:  layout_misc_corridors, nrook_guardian_serpent_double, uniq_vashnia
Snake:4:  johnstein_snake_rune_scales, layout_chambers, nicolae_triple_integral,
          serial_bayou_shore_a, minmay_shop_grove, serial_bayou_shore_b
Slime:1:  layout_caves
Slime:2:  layout_caves, cheibrodos_slime_lost_civilization_7
Slime:3:  layout_caves
Slime:4:  layout_caves, basic_altar
Slime:5:  slime_pit_nicolae_royal_road_to_ruin
Orc:1:    layout_caves, uniq_erolcha
Orc:2:    st_orc_rangers, layout_caves, serial_shops, nicolae_square_shop,
          kennysheep_orc_sif_temple, uniq_saint_roka
Elf:1:    kennysheep_six_static_rooms, layout_gridlike,
          kennysheep_underground_church
Elf:2:    elven_hall_of_blades_hangedman_original
          [nicolae_blade_entry_hurt_lockers], layout_onion_city,
          elves_outpost_lemuel
Elf:3:    minmay_elf_hall_not_hex, layout_geoelf_diagonals, basic_altar,
          kb_rosetta
Vaults:1: v_pattern_3, hangedman_vaults_cutoff, hangedman_vaults_stagger,
          nicolae_vaults_little_squares_5, nicolae_vaults_little_ls,
          special_room_vaults [special_room_orc], nicolae_vaults_apartment_1,
          nicolae_vaults_tetromino_Z_1, nicolae_vaults_house_2,
          layout_vaults_omnigrid
Vaults:2: ontoclasm_vaults_twist, minmay_crypt_entry_simple_plaza,
          ontoclasm_vaults_ring_square, vaults_room_grid,
          nicolae_vaults_closet_pinwheel_3, vaults_standard_mumra_lines,
          nicolae_vaults_shipping_containers_1, nicolae_vaults_alarming,
          v_alt_pattern_6, nicolae_vaults_closet_pinwheel_3, v_alt_pattern_4,
          nicolae_vaults_apartment_2, nicolae_vaults_taking_the_gang_shopping,
          nicolae_vaults_little_squares_5, nicolae_vaults_house_1,
          vaults_room_semicircle, nicolae_vaults_house_3, layout_vaults_omnibox
Vaults:3: nicolae_vaults_shrinking_rooms_2, hangedman_vaults_pinch, v_misc_14,
          hangedman_vaults_cutoff, nicolae_vaults_network_s,
          nicolae_vaults_tetromino_T_1, nicolae_vaults_mini_display_case,
          vaults_room_semicircle, layout_vaults_chaotic_city
Vaults:4: grunt_vaults_diagonal, nicolae_vaults_gold_heap,
          nicolae_vaults_storage_closets_2, nicolae_vaults_surprise_closet,
          nicolae_vaults_diamond_1, nicolae_vaults_shelves_hall,
          vaults_dpeg_encased_lava, nicolae_vaults_offset_grid_hallway_4,
          nicolae_vaults_ninety_degrees, grunt_vaults_bifocal,
          hangedman_vaults_impose, sword_in_stone, nicolae_vaults_double_plus_2,
          nicolae_vaults_sealed_display, nicolae_vaults_little_squares_6,
          layout_vaults_maze_snakey, uniq_aizul
Depths:1: layout_gridville, nicolae_titane, hell_entry,
          hangedman_abyss_or_decor_slice, tso_altar
Depths:2: kennysheep_scales, layout_basic, grunt_hell_entry_dis_old,
          pdpol_wu_jian_five_deadly_venoms, rand_demon_pan_entry_9,
          minmay_staircase_bubble, uniq_enchantress
Depths:3: kennysheep_funnel, layout_honeycomb, abyss_entry,
          nicolae_kite_square_tiling_tiny, serial_shops, nicolae_stop_n_shop_2,
          pan_entry, hell_entry, minmay_staircase_statues_hall_large
Depths:4: evilmike_zot_entry_argh, layout_gridlike, enter_ziggurat_b,
          chequers_big_river, hell_entry, uniq_parghit
Zot:1:    layout_cathedral_of_symmetry, grunt_megastairs_4
Zot:2:    layout_misc_corridors, grunt_ministairs_11
Zot:3:    layout_gridlike, st_stairs_5
Zot:4:    layout_basic
Zot:5:    layout_cathedral_of_symmetry, grunt_ministairs_13

Skill      XL: |  1  2  3  4  5  6  7  8  9 10 11 12 13 14 15 16 17 18 19 20 21 22 23 24 25 |
---------------+----------------------------------------------------------------------------+-----
Dodging        | 2 3 4 6 10 11 13 15 | 15.0
Spellcasting   | 2 3 4 5 7 10 11 12 14 15 17 18 20 | 20.0
Air Magic      | 1 2 3 5 7 12 16 19 20 21 24 25 27 | 27.0
Poison Magic   | 1 2 4 6 8 9 10 11 | 11.0
Fighting       | 2 4 6 10 11 12 14 17 18 | 18.6
Ranged Weapons | 5 6 10 | 10.0
Conjurations   | 3 5 7 8 16 17 18 20 | 20.0
Ice Magic      | 3 5 7 |  7.0
Evocations     | 5 7 10 | 10.0
Fire Magic     | 4 10 | 10.0
Summonings     | 6 10 | 10.0
Staves         | 4 |  4.0
Earth Magic    | 4 6 |  6.0
Short Blades   | |  2.0
Throwing       | |  2.0
Stealth        | |  4.8

Action                     |  1- 3 |  4- 6 |  7- 9 | 10-12 | 13-15 | 16-18 | 19-21 | 22-24 | 25-27 || total
---------------------------+-------+-------+-------+-------+-------+-------+-------+-------+-------++-------
  Melee: Dagger            |   137 |   220 |    33 |       |       |       |       |       |       ||   390
         Punch             |     2 |     3 |     1 |       |       |     1 |       |     4 |       ||    11
         Staff             |       |       |       |       |    36 |   118 |    56 |   102 |     8 ||   320
   Fire: Sling             |       |       |   135 |   135 |       |       |       |       |       ||   270
         Orcbow            |       |       |       |   401 |   977 |       |       |       |       ||  1378
  Throw: Dart              |     2 |     3 |       |       |     2 |       |       |       |       ||     7
   Cast: Poisonous Vapours |       |    44 |    94 |    21 |     2 |       |       |       |       ||   161
         Sting             |       |     2 |    11 |     3 |       |       |       |       |       ||    16
         Olgreb's Toxic Ra |       |       |    31 |   130 |   302 |    51 |     2 |       |       ||   516
         Mephitic Cloud    |       |       |     2 |    12 |     4 |       |       |       |       ||    18
         Freezing Cloud    |       |       |       |    18 |    55 |    20 |       |       |       ||    93
         Hailstorm         |       |       |       |       |     2 |    14 |       |       |       ||    16
         Maxwell's Capacit |       |       |       |       |    21 |   210 |    43 |    43 |     3 ||   320
         Arcjolt           |       |       |       |       |    18 |    79 |    18 |     7 |     3 ||   125
         Plasma Beam       |       |       |       |       |       |    61 |   507 |   589 |    25 ||  1182
         Spellforged Servi |       |       |       |       |       |       |    13 |    30 |     1 ||    44
         Blink             |       |       |       |       |       |       |       |       |     1 ||     1
 Invoke: Potion Petition   |       |       |     1 |     1 |     2 |     4 |       |     6 |       ||    14
         Call Merchant     |       |       |       |     2 |     2 |       |     2 |       |       ||     6
         Bribe Branch      |       |       |       |       |       |       |       |       |     2 ||     2
  Evoke: Wand              |       |       |       |     4 |    23 |     4 |     6 |    16 |     3 ||    56
         Phantom mirror    |       |       |       |     1 |     1 |       |       |       |       ||     2
         Phial of floods   |       |       |       |       |       |     1 |     1 |       |       ||     2
    Use: Scroll            |     3 |     4 |     5 |    19 |    20 |     6 |     4 |     8 |     4 ||    73
         Potion            |     1 |     3 |     1 |       |     3 |     8 |     3 |    12 |     3 ||    34
   Stab: Sleeping          |     8 |    15 |     1 |       |       |       |       |       |       ||    24
         Distracted        |       |       |       |       |       |       |     1 |     2 |       ||     3
 Armour: Robe              |    32 |    90 |    13 |       |       |       |       |       |       ||   135
         Skin              |    28 |    13 |       |       |       |       |       |       |       ||    41
         Leather armour    |       |       |    70 |   150 |   290 |   241 |   130 |    62 |       ||   943
         Acid dragon scale |       |       |       |       |       |       |       |   243 |    15 ||   258
  Dodge: Dodged            |    74 |   168 |   109 |   381 |   751 |   647 |   231 |   341 |    14 ||  2716

Table legend: (Time is in decaauts)
 A = Elapsed time spent in this place.
 B = Non-inter-level travel time spent in this place.
 C = Inter-level travel time spent in this place.
 D = Time resting spent in this place.
 E = Time spent auto-exploring this place.
 F = Levels seen in this place.
 G = Mean time per level.
                   A        B        C        D        E       F      G
               +--------+--------+--------+--------+--------+-----+--------+
         Total | 103228 |  97763 |   5465 |  42180 |  36974 |  55 | 1876.9 |
       Dungeon |  28048 |  25497 |   2551 |   7784 |  11955 |  15 | 1869.9 |
        Temple |     23 |      3 |     20 |      0 |      0 |   1 |   23.0 |
          Lair |  11300 |  10531 |    769 |   4435 |   3912 |   5 | 2260.0 |
         Swamp |   5601 |   5396 |    205 |   2754 |   1925 |   4 | 1400.2 |
     Snake Pit |   9411 |   8977 |    434 |   4579 |   2571 |   4 | 2352.8 |
    Slime Pits |   5300 |   5203 |     97 |   2709 |   1284 |   5 | 1060.0 |
  Orcish Mines |   3695 |   3405 |    290 |   1594 |   1080 |   2 | 1847.5 |
   Elven Halls |   7487 |   7312 |    175 |   3551 |   2680 |   3 | 2495.7 |
        Vaults |   8622 |   8423 |    199 |   3628 |   3666 |   4 | 2155.5 |
        Depths |  11161 |  10879 |    282 |   5226 |   4297 |   4 | 2790.2 |
           Zot |  10205 |   9765 |    440 |   4682 |   3416 |   5 | 2041.0 |
        Bailey |    949 |    949 |      0 |    550 |     78 |   1 |  949.0 |
      Ice Cave |    994 |    994 |      0 |    582 |     16 |   1 |  994.0 |
      Gauntlet |    427 |    427 |      0 |    104 |     92 |   1 |  427.0 |
               +--------+--------+--------+--------+--------+-----+--------+

Top non-repeatable levels by time:
Depths:4: 4440 daAuts
    D:15: 3962 daAuts
  Lair:5: 3600 daAuts
 Snake:4: 3384 daAuts
Depths:2: 3246 daAuts
   Elf:1: 3176 daAuts
   Elf:3: 2820 daAuts
 Snake:1: 2737 daAuts
Vaults:3: 2678 daAuts
   Zot:4: 2540 daAuts
 Snake:3: 2503 daAuts
    D:13: 2440 daAuts
   Orc:2: 2264 daAuts
     D:3: 2251 daAuts
  Lair:3: 2195 daAuts
